 Dungeon Crawl Stone Soup version 0.26-a0-663-g36e8fdb655 (webtiles) character file.

Game seed: 9663583178696911141

28 DogServant the Insei (level 3, 28/28 HPs)
             Began as a Draconian Transmuter on Oct 12, 2020.
             Quit the game on level 2 of the Dungeon.
             The game lasted 00:02:45 (1283 turns).

DogServant the Insei (Draconian Transmuter)         Turns: 1283, Time: 00:02:45

Health: 28/28      AC:  5    Str: 10 (12) XL:     3   Next: 0%
Magic:  4/6        EV: 12    Int: 11 (13) God:
Gold:   82         SH:  0    Dex: 11 (12) Spells: 5/6 levels left

rFire    . . .     SeeInvis .     - Unarmed
rCold    . . .     Faith    .   (no shield)
rNeg     . . .     Spirit   .   (armour unavailable)
rPois    .         Reflect  .   (helmet currently unavailable)
rElec    .         Harm     .   (no cloak)
rCorr    .         Rampage  .   (no gloves)
MR       .....                  (boots currently unavailable)
Stlth    +.........             (no amulet)
HPRegen  0.09/turn              (no ring)
MPRegen  0.10/turn              (no ring)

@: appendages
A: unfitting armour, horns 2, talons 2, blink, high mp 1, cold-blooded, AC +5
a: End Transformation, Blink


You were on level 2 of the Dungeon.
You had grown temporary horns.
You had grown temporary talons.
You visited 1 branch of the dungeon, and saw 2 of its levels.

You collected 82 gold pieces.

Inventory:

Jewellery
 d - an uncursed ring of protection from magic
Potions
 l - a potion of stabbing


   Skills:
 - Level 1.1 Fighting
 - Level 1.7 Dodging
 + Level 3.6 Unarmed Combat
 - Level 2.0 Spellcasting
 + Level 2.8 Transmutations


You had 5 spell levels left.
You knew the following spells:

 Your Spells              Type           Power        Failure   Level
a - Beastly Appendage     Tmut           #.....       9%          1

Your spell library contained the following spells:

 Spells                   Type           Power        Failure   Level
 Wereblood                Tmut           #.......     14%         2
 Spider Form              Tmut/Pois      #.........   43%         3
 Ice Form                 Ice/Tmut       #.......     85%         4
 Blade Hands              Tmut           #.........   94%         5


Dungeon Overview and Level Annotations

Branches:
Dungeon (2/15)

Altars:
Fedhas


Innate Abilities, Weirdness & Mutations

Your plain brown scales are hard. (AC +5)
You cannot fit into any form of body armour.
You are cold-blooded and may be slowed by cold attacks.
You have a pair of horns on your head.
You have razor-sharp toenails.
You can translocate small distances at will.
You have an increased reservoir of magic. (+10% MP)


Message History

The hobgoblin is moderately wounded.
The hobgoblin hits you but does no damage.
You barely miss the hobgoblin.
The hobgoblin is moderately wounded.
The hobgoblin closely misses you.
You hit the hobgoblin.
The hobgoblin is heavily wounded.
The hobgoblin hits you but does no damage.
You barely miss the hobgoblin.
The hobgoblin is heavily wounded.
The hobgoblin closely misses you.
You hit the hobgoblin.
You kill the hobgoblin!
You have reached level 3!
Your experience leads to an increase in your attributes!
Your base attributes are Str 12, Int 13, Dex 11.
Increase (S)trength, (I)ntelligence, or (D)exterity?
Uppercase letters only, please.
You feel agile.
Your scales feel tougher.
Are you sure you want to abandon this character and quit the game? (Confirm with "yes".)

#### #.. #)#
########@#
#........#
#.#......#
#.#...##.#
#.##.###.# #.#..#
#.# #.#>####.# #+##
#........# ##...##
###.########.....##


There were no monsters in sight!

Vanquished Creatures
  A dart slug (D:1)
  2 bats (D:1)
  2 giant cockroaches
  3 goblins
  5 hobgoblins
  3 kobolds (D:1)
  A ball python (D:1)
  2 frilled lizards
  4 rats
23 creatures vanquished.

Notes
Turn   | Place    | Note
-------+----------+-------------------------------------------
     0 | D:1      | DogServant the Draconian Transmuter began the quest for the
                  | Orb.
     0 | D:1      | Reached XP level 1. HP: 16/16 MP: 3/3
   285 | D:1      | Reached XP level 2. HP: 21/23 MP: 3/5
   837 | D:2      | Found a blossoming altar of Fedhas.
   964 | D:2      | Gained mutation: You have an increased reservoir of magic.
                  | (+10% MP) [potion of mutation]
   964 | D:2      | Gained mutation: You can translocate small distances at
                  | will. [potion of mutation]
  1282 | D:2      | Reached XP level 3. HP: 28/28 MP: 4/6
  1283 | D:2      | Quit the game

Illustrated notes

Levels and vault maps discovered:
D:1:      dpeg_arrival_shrine, layout_basic
D:2:      layout_loops_corners, fedhas_altar_3

Action                   || total
-------------------------++-------
Melee: Unarmed           ||    64
       Headbutt          ||     9
       Tailslap          ||     6
       Kick              ||     6
 Cast: Beastly Appendage ||    14
  Use: Scroll            ||     7
       Potion            ||     5
Armor: Skin              ||    14
Dodge: Dodged            ||    53

Table legend: (Time is in decaauts)
 A = Elapsed time spent in this place.
 B = Non-inter-level travel time spent in this place.
 C = Inter-level travel time spent in this place.
 D = Time resting spent in this place.
 E = Time spent auto-exploring this place.
 F = Levels seen in this place.
 G = Mean time per level.
                   A        B        C        D        E       F      G
               +--------+--------+--------+--------+--------+-----+--------+
         Total |   1279 |   1185 |     94 |    154 |    786 |   2 |  639.5 |
       Dungeon |   1279 |   1185 |     94 |    154 |    786 |   2 |  639.5 |
               +--------+--------+--------+--------+--------+-----+--------+

Top non-repeatable levels by time:
     D:1: 1054 daAuts
     D:2: 225 daAuts
